[Event "Maia Cup 2019"]
[Site "Tbilisi"]
[Date "2019.09.05"]
[Round "1.1"]
[White "Chanturia, Lasha"]
[Black "Jobava, Baadur"]
[Result "0-1"]
[ECO "C00"]
[WhiteElo "1723"]
[BlackElo "2617"]
[Annotator "RC"]
[PlyCount "64"]
[EventDate "2019.09.05"]
[EventType "swiss"]
[EventCountry "GEO"]
[SourceTitle "playchess.com"]
[Source "ChessBase"]
[SourceQuality "1"]
[TimeControl "900+10"]

1. e4 e6 2. d4 d5 3. Bd3 dxe4 4. Bxe4 Nf6 5. Bf3 c5 6. Ne2 Nc6 7. Bxc6+ bxc6 8. O-O Ba6 9. Re1 Bxe2 10. Qxe2 cxd4 11. Bg5 Be7 12. Nd2 O-O 13. Nf3 Qb6 14. Qc4 h6 15. Bh4 Qxb2 16. Nxd4 Qb4 17. Qd3 c5 18. c3 Qa4 19. Nf3 Rad8 20. Qe2 Nd5 21. Bxe7 Nxe7 22. Qe5 Qa5 23. c4 Nc6 24. Qe4 Nd4 25. Ne5 Rd6 26. g4 Qd8 27. Re3 Qa8 28. Qb1 Rfd8 29. g5 hxg5 30. Qf1 Nc2 31. Rb1 Nxe3 32. fxe3 f6 0-1

[Event "Maia Cup 2019"]
[Site "Tbilisi"]
[Date "2019.09.05"]
[Round "1.5"]
[White "Tsomaia, Sergo"]
[Black "Fier, Alexandr"]
[Result "0-1"]
[ECO "B44"]
[WhiteElo "1779"]
[BlackElo "2549"]
[Annotator "RC"]
[PlyCount "50"]
[EventDate "2019.09.05"]
[EventType "swiss"]
[EventCountry "GEO"]
[SourceTitle "playchess.com"]
[Source "ChessBase"]
[SourceQuality "1"]
[TimeControl "900+10"]

1. e4 c5 2. Nf3 Nc6 3. d4 cxd4 4. Nxd4 e6 5. Nxc6 bxc6 6. Be2 Nf6 7. Nc3 d5 8. exd5 cxd5 9. O-O Be7 10. b3 O-O 11. Bb2 Bb7 12. Re1 Bd6 13. Nb5 Bb8 14. c4 a6 15. Nd4 e5 16. Nf5 d4 17. f3 Nh5 18. Bc1 g6 19. Ng3 Nxg3 20. hxg3 e4 21. f4 Ba7 22. Bf1 Qd6 23. Bb2 Rad8 24. Rc1 d3+ 25. Kh2 d2 0-1

[Event "Maia Cup 2019"]
[Site "Tbilisi"]
[Date "2019.09.05"]
[Round "2.6"]
[White "Chkuaseli, Revaz"]
[Black "Arutinian, David"]
[Result "0-1"]
[ECO "B06"]
[WhiteElo "1882"]
[BlackElo "2551"]
[Annotator "ChessBase"]
[PlyCount "116"]
[EventDate "2019.09.05"]
[EventType "swiss"]
[EventCountry "GEO"]
[SourceTitle "playchess.com"]
[Source "ChessBase"]
[SourceQuality "1"]
[TimeControl "900+10"]

1. e4 g6 2. d4 Bg7 3. Nc3 d6 4. Be3 a6 5. Qd2 b5 6. Bd3 Bb7 7. a3 Nd7 8. f4 c5 9. Nf3 cxd4 10. Bxd4 Bxd4 11. Nxd4 Ngf6 12. Nb3 O-O 13. O-O-O Rc8 14. Rhe1 e5 15. Bf1 Ne8 16. Nd5 Bxd5 17. Qxd5 exf4 18. Qb7 Qc7 19. Qxc7 Rxc7 20. Rd2 Ne5 21. h3 h5 22. Red1 f5 23. exf5 Rxf5 24. Nd4 Rf6 25. a4 Nc4 26. Bxc4+ bxc4 27. Re1 Kf7 28. Rde2 Ng7 29. Nf3 Rf5 30. Kb1 g5 31. b4 cxb3 32. cxb3 Kf6 33. Kb2 Rd5 34. h4 g4 35. Ng5 Re5 36. Ne4+ Ke6 37. Ng5+ Kf5 38. Rxe5+ dxe5 39. Ne4 f3 40. g3 Ne8 41. b4 Rc4 42. Nc5 Rxb4+ 43. Kc3 Rd4 44. Nxa6 Rxa4 45. Nc5 Ra2 46. Nd3 e4 47. Nf4 Nf6 48. Kd4 Rd2+ 49. Ke3 Rd7 50. Kf2 Nd5 51. Rd1 e3+ 52. Ke1 Nxf4 53. Rxd7 Ng2+ 54. Kf1 e2+ 55. Kg1 e1=Q+ 56. Kh2 Nf4 57. Rf7+ Kg6 58. Rxf4 Qf2+ 0-1

[Event "Maia Cup 2019"]
[Site "Tbilisi"]
[Date "2019.09.05"]
[Round "3.3"]
[White "Jojua, Davit"]
[Black "Sulashvili, Malkhaz"]
[Result "1-0"]
[ECO "D00"]
[WhiteElo "2563"]
[BlackElo "2381"]
[Annotator "RC"]
[PlyCount "54"]
[EventDate "2019.09.05"]
[EventType "swiss"]
[EventCountry "GEO"]
[SourceTitle "playchess.com"]
[Source "ChessBase"]
[SourceQuality "1"]
[TimeControl "900+10"]

1. d4 d5 2. Bf4 e6 3. e3 Bd6 4. Nf3 Bxf4 5. exf4 c5 6. dxc5 Qa5+ 7. c3 Qxc5 8. Bd3 Nf6 9. O-O O-O 10. Nbd2 b6 11. Qe2 a5 12. Nd4 Ba6 13. Bxa6 Nxa6 14. f5 exf5 15. Nxf5 a4 16. Rfe1 Qc7 17. Qe3 g6 18. Qd4 Qd8 19. Ne7+ Kg7 20. g4 h6 21. f4 Qd7 22. g5 Qg4+ 23. Kh1 hxg5 24. Nxd5 Rad8 25. Qxf6+ Kh7 26. Qxd8 Qf5 27. Qxg5 Nb8 1-0

[Event "Maia Cup 2019"]
[Site "Tbilisi"]
[Date "2019.09.05"]
[Round "4.7"]
[White "Charkhalashvili, Inga"]
[Black "Bechvaia, Giorgi"]
[Result "1/2-1/2"]
[ECO "D63"]
[WhiteElo "2276"]
[BlackElo "1923"]
[Annotator "NA"]
[PlyCount "126"]
[EventDate "2019.09.05"]
[EventType "swiss"]
[EventCountry "GEO"]
[SourceTitle "playchess.com"]
[Source "ChessBase"]
[SourceQuality "1"]
[TimeControl "900+10"]

1. d4 d5 2. c4 e6 3. Nc3 Nf6 4. Bg5 Be7 5. e3 O-O 6. Nf3 Nbd7 7. Rc1 b6 8. cxd5 exd5 9. Bd3 Bb7 10. O-O c5 11. dxc5 Nxc5 12. Bb1 Nce4 13. Nb5 Nxg5 14. Nxg5 g6 15. Nf3 a6 16. Nbd4 Rc8 17. Qb3 Qd6 18. Rcd1 Qb4 19. Qxb4 Bxb4 20. a3 Be7 21. Ne5 Bd6 22. Nd3 Ne4 23. f3 Nc5 24. Nf2 Rfe8 25. Rfe1 Na4 26. Rd2 Bc5 27. b4 Bd6 28. Ba2 Nc3 29. Bb3 a5 30. Nd3 Ba6 31. Kf2 Bxd3 32. Rxd3 axb4 33. axb4 Bxb4 34. Ra1 Red8 35. Ra7 Bf8 36. Rb7 Nb1 37. Nb5 Na3 38. Nxa3 Bxa3 39. Bxd5 Bc5 40. Bxf7+ Kh8 41. Bd5 Rb8 42. Rxb8 Rxb8 43. f4 Kg7 44. Kf3 Rd8 45. e4 Rd7 46. e5 h5 47. g3 Ra7 48. Bb3 Ra3 49. h3 Ra1 50. Rd7+ Kf8 51. g4 Rh1 52. Kg2 Rg1+ 53. Kh2 hxg4 54. hxg4 Rxg4 55. Rf7+ Ke8 56. Kh3 Rg1 57. Rf6 Ke7 58. Bc2 Be3 59. Bb3 b5 60. Re6+ Kd7 61. Rd6+ Ke7 62. Re6+ Kd7 63. Rd6+ Ke8 1/2-1/2

[Event "Maia Cup 2019"]
[Site "Tbilisi"]
[Date "2019.09.06"]
[Round "5.1"]
[White "Jojua, Davit"]
[Black "Fier, Alexandr"]
[Result "0-1"]
[ECO "D48"]
[WhiteElo "2563"]
[BlackElo "2549"]
[Annotator "ChessBase"]
[PlyCount "86"]
[EventDate "2019.09.05"]
[EventType "swiss"]
[EventCountry "GEO"]
[SourceTitle "playchess.com"]
[Source "ChessBase"]
[SourceQuality "1"]
[TimeControl "900+10"]

1. d4 Nf6 2. c4 e6 3. Nf3 d5 4. Nc3 c6 5. e3 Nbd7 6. Bd3 dxc4 7. Bxc4 b5 8. Bd3 a6 9. a4 b4 10. Ne4 c5 11. dxc5 Nxc5 12. Nxc5 Bxc5 13. Qe2 O-O 14. O-O Qe7 15. e4 e5 16. Be3 Bxe3 17. Qxe3 Bg4 18. Nd2 a5 19. Nb3 Be6 20. Nd2 Rfd8 21. Nf3 Bg4 22. Bc4 Bxf3 23. Qxf3 Rd4 24. b3 Rad8 25. Rae1 g6 26. h3 Kg7 27. Re3 Nd7 28. Rd3 Nf6 29. Re3 h5 30. g3 h4 31. g4 Nh7 32. Rd3 Ng5 33. Qe3 Rxd3 34. Bxd3 Ne6 35. Bc4 Nf4 36. Kh2 Rd4 37. Rc1 Qd6 38. Bb5 Rd2 39. Rc5 Qd4 40. Qxd4 exd4 41. Bf1 d3 42. Rxa5 Rd1 43. Bxd3 Rxd3 0-1

[Event "Maia Cup 2019"]
[Site "Tbilisi"]
[Date "2019.09.06"]
[Round "6.2"]
[White "Maghalashvili, Davit"]
[Black "Jojua, Davit"]
[Result "1-0"]
[ECO "E67"]
[WhiteElo "2500"]
[BlackElo "2563"]
[Annotator "ChessBase"]
[PlyCount "75"]
[EventDate "2019.09.05"]
[EventType "swiss"]
[EventCountry "GEO"]
[SourceTitle "playchess.com"]
[Source "ChessBase"]
[SourceQuality "1"]
[TimeControl "900+10"]

1. Nf3 Nf6 2. c4 g6 3. g3 Bg7 4. Bg2 O-O 5. O-O d6 6. d4 Nbd7 7. Nc3 e5 8. h3 c6 9. e4 Qa5 10. Be3 Re8 11. d5 cxd5 12. cxd5 Nc5 13. Nd2 Bd7 14. a3 Na4 15. Nxa4 Bxa4 16. b3 Bd7 17. Nc4 Qa6 18. a4 Rec8 19. Re1 Rxc4 20. bxc4 Qxc4 21. Qc1 Qa6 22. Bf1 Qa5 23. Qd2 Qd8 24. Qb4 a5 25. Qb1 Qe8 26. Bb5 Bxb5 27. axb5 Nd7 28. Rc1 b6 29. Rc6 Qb8 30. Qc2 Bf8 31. Kg2 Nc5 32. Qc4 Ra7 33. Rd1 Rd7 34. h4 h5 35. Bxc5 dxc5 36. d6 Rxd6 37. Rdxd6 Bxd6 38. Qd5 1-0

[Event "Maia Cup 2019"]
[Site "Tbilisi"]
[Date "2019.09.06"]
[Round "6.6"]
[White "Purtseladze, Maka"]
[Black "Jobava, Beglar"]
[Result "0-1"]
[ECO "E00"]
[WhiteElo "2274"]
[BlackElo "2438"]
[Annotator "NA"]
[PlyCount "66"]
[EventDate "2019.09.05"]
[EventType "swiss"]
[EventCountry "GEO"]
[SourceTitle "playchess.com"]
[Source "ChessBase"]
[SourceQuality "1"]
[TimeControl "900+10"]

1. d4 Nf6 2. c4 e6 3. Bg5 h6 4. Bxf6 Qxf6 5. e4 Bb4+ 6. Nc3 e5 7. d5 Bxc3+ 8. bxc3 Na6 9. g3 Nc5 10. Bg2 O-O 11. Qe2 d6 12. Nf3 Qe7 13. Nh4 g5 14. Nf5 Bxf5 15. exf5 Qf6 16. Be4 Kg7 17. h4 Rh8 18. Kf1 Rag8 19. Rb1 h5 20. hxg5 Qxg5 21. Rh4 Kf6 22. Re1 Nxe4 23. Qxe4 Qxf5 24. Qxf5+ Kxf5 25. Ke2 Rg4 26. Reh1 Rxh4 27. Rxh4 Kg5 28. Ke3 f5 29. Rh1 b6 30. a4 h4 31. gxh4+ Rxh4 32. Rg1+ Rg4 33. Rh1 Rxc4 0-1

[Event "Maia Cup 2019"]
[Site "Tbilisi"]
[Date "2019.09.06"]
[Round "7.3"]
[White "Jobava, Beglar"]
[Black "Mikadze, Miranda"]
[Result "0-1"]
[ECO "D10"]
[WhiteElo "2438"]
[BlackElo "2279"]
[Annotator "RC"]
[PlyCount "70"]
[EventDate "2019.09.05"]
[EventType "swiss"]
[EventCountry "GEO"]
[SourceTitle "playchess.com"]
[Source "ChessBase"]
[SourceQuality "1"]
[TimeControl "900+10"]

1. d4 d5 2. c4 c6 3. cxd5 cxd5 4. Nc3 Nf6 5. Bf4 Nc6 6. e3 a6 7. h3 Qb6 8. Bd3 Qxb2 9. Nge2 Nb4 10. O-O Nxd3 11. Qxd3 e6 12. Na4 Qb4 13. Nec3 Qa5 14. Nc5 Be7 15. e4 dxe4 16. N3xe4 O-O 17. Nxf6+ Bxf6 18. Ne4 Be7 19. Rfc1 Qf5 20. Qe3 b5 21. Rc7 Bb4 22. Rac1 Qd5 23. Nf6+ gxf6 24. Qg3+ Kh8 25. Bh6 Rg8 26. Rxc8 Bf8 27. Bxf8 Rxg3 28. fxg3 Rxc8 29. Rxc8 h5 30. Bc5+ Kg7 31. a3 e5 32. dxe5 fxe5 33. Bf8+ Kg6 34. Be7 Qd7 35. Rg8+ Kh7 0-1

[Event "Maia Cup 2019"]
[Site "Tbilisi"]
[Date "2019.09.06"]
[Round "8.3"]
[White "Fier, Alexandr"]
[Black "Arutinian, David"]
[Result "1-0"]
[ECO "A28"]
[WhiteElo "2549"]
[BlackElo "2551"]
[Annotator "ChessBase"]
[PlyCount "117"]
[EventDate "2019.09.05"]
[EventType "swiss"]
[EventCountry "GEO"]
[SourceTitle "playchess.com"]
[Source "ChessBase"]
[SourceQuality "1"]
[TimeControl "900+10"]

1. c4 e5 2. Nc3 Nf6 3. Nf3 Nc6 4. e4 d6 5. d4 Bg4 6. d5 Nd4 7. Be2 Bxf3 8. Bxf3 Be7 9. Be3 Nxf3+ 10. Qxf3 O-O 11. O-O Nd7 12. Qg3 Kh8 13. f3 h6 14. Kh1 Bg5 15. Bg1 Nc5 16. Bxc5 Bh4 17. Qh3 dxc5 18. Rad1 Bg5 19. Rd3 a6 20. a4 Qd6 21. b3 g6 22. g3 Kg7 23. Qg2 h5 24. h4 Bh6 25. g4 Kh7 26. gxh5 gxh5 27. Qh3 Rg8 28. Qf5+ Qg6 29. Rg1 Qxf5 30. exf5 Rxg1+ 31. Kxg1 Bf8 32. Ne4 Be7 33. f6 Bd6 34. a5 Rg8+ 35. Kf2 Kg6 36. b4 cxb4 37. c5 Bf8 38. Rb3 b6 39. axb6 cxb6 40. c6 Bc5+ 41. Nxc5 bxc5 42. d6 Kxf6 43. Rd3 c4 44. d7 cxd3 45. c7 Ke7 46. c8=Q Rd8 47. Qc5+ Ke6 48. Qc4+ Ke7 49. Qxd3 Rxd7 50. Qxa6 Rd4 51. Kg3 Rf4 52. Qh6 Rf5 53. Qb6 Kf8 54. Qxb4+ Kg7 55. Qd6 Kh7 56. Kf2 Kg7 57. Ke3 Kg8 58. Qh6 Rf4 59. Qg5+ 1-0

[Event "Maia Cup 2019"]
[Site "Tbilisi"]
[Date "2019.09.06"]
[Round "8.4"]
[White "Mikadze, Miranda"]
[Black "Volkov, Nika"]
[Result "0-1"]
[ECO "C00"]
[WhiteElo "2279"]
[BlackElo "2066"]
[Annotator "NA"]
[PlyCount "100"]
[EventDate "2019.09.05"]
[EventType "swiss"]
[EventCountry "GEO"]
[SourceTitle "playchess.com"]
[Source "ChessBase"]
[SourceQuality "1"]
[TimeControl "900+10"]

1. e4 e6 2. d4 d5 3. Bd3 c5 4. exd5 exd5 5. dxc5 Bxc5 6. Nf3 Nf6 7. O-O O-O 8. Bg5 Nc6 9. Nbd2 Bg4 10. c3 Re8 11. Qc2 h6 12. Bh4 Qd6 13. Bg3 Qd7 14. h3 Be6 15. Rfe1 Rac8 16. Qd1 a6 17. Nb3 Bb6 18. Ne5 Nxe5 19. Bxe5 Ne4 20. Bd4 Bc7 21. f3 Nf6 22. Qd2 Nh5 23. Be5 Bxh3 24. Bxc7 Qxc7 25. Rxe8+ Rxe8 26. Re1 Rxe1+ 27. Qxe1 Be6 28. Nd4 Nf4 29. Bf1 Qd6 30. Qe3 Ng6 31. Ne2 h5 32. Qa7 Qe5 33. Kf2 Qc7 34. Nd4 h4 35. Nxe6 fxe6 36. Qa8+ Kf7 37. Bd3 Qg3+ 38. Kf1 Nf4 39. Qxb7+ Kf6 40. Bxa6 Qxg2+ 41. Ke1 Qg1+ 42. Kd2 Qf2+ 43. Kc1 h3 44. Qb8 Qe3+ 45. Kc2 Qxf3 46. Bb5 h2 47. Qf8+ Kg6 48. Qe8+ Kh7 49. Kb3 h1=Q 50. a4 Qb1 0-1

[Event "Maia Cup 2019"]
[Site "Tbilisi"]
[Date "2019.09.06"]
[Round "8.7"]
[White "Paichadze, Luka"]
[Black "Chkhaidze, Nikoloz"]
[Result "1-0"]
[ECO "C29"]
[WhiteElo "2574"]
[BlackElo "2333"]
[Annotator "ChessBase"]
[PlyCount "73"]
[EventDate "2019.09.05"]
[EventType "swiss"]
[EventCountry "GEO"]
[SourceTitle "playchess.com"]
[Source "ChessBase"]
[SourceQuality "1"]
[TimeControl "900+10"]

1. e4 e5 2. Nc3 Nf6 3. f4 d5 4. fxe5 Nxe4 5. Nf3 Bc5 6. Qe2 Bf5 7. d3 Nxc3 8. bxc3 O-O 9. Be3 Nd7 10. d4 Bb6 11. c4 c5 12. cxd5 cxd4 13. Bxd4 Re8 14. c3 Bg4 15. O-O-O Nxe5 16. Bxe5 f6 17. Qc4 Bxf3 18. d6+ Kh8 19. gxf3 Rxe5 20. d7 Rc5 21. Qb3 Qc7 22. Qf7 Rxc3+ 23. Kb1 Rg8 24. Bh3 Qc6 25. Be6 Qb5+ 26. Bb3 Rd8 27. Rhe1 Re3 28. Rxe3 Bxe3 29. a4 Qf5+ 30. Bc2 Qe5 31. Rd5 Qb8 32. Rh5 h6 33. Qg6 Kg8 34. Qh7+ Kf8 35. Bb3 Qf4 36. Qg8+ Ke7 37. Qe6+ 1-0

[Event "Maia Cup 2019"]
[Site "Tbilisi"]
[Date "2019.09.06"]
[Round "9.4"]
[White "Volkov, Nika"]
[Black "Arabidze, Meri"]
[Result "1-0"]
[ECO "A85"]
[WhiteElo "2066"]
[BlackElo "2398"]
[Annotator "ChessBase"]
[PlyCount "137"]
[EventDate "2019.09.05"]
[EventType "swiss"]
[EventCountry "GEO"]
[SourceTitle "playchess.com"]
[Source "ChessBase"]
[SourceQuality "1"]
[TimeControl "900+10"]

1. d4 f5 2. c4 Nf6 3. Nc3 e6 4. Nf3 Bb4 5. Qb3 a5 6. e3 b6 7. Bd3 Bb7 8. O-O Bxc3 9. Qxc3 Ne4 10. Qc2 O-O 11. Nd2 Qh4 12. f3 Nf6 13. e4 Nc6 14. Qc3 fxe4 15. Nxe4 Nb4 16. Nxf6+ Qxf6 17. Bb1 d5 18. c5 bxc5 19. Qxc5 Ba6 20. Rd1 Be2 21. Rd2 Na6 22. Qc3 Bb5 23. a4 Be8 24. Qxa5 Bh5 25. Qc3 c5 26. Qe3 Rfc8 27. dxc5 Nxc5 28. Bc2 Bf7 29. f4 Bg6 30. Bd1 Be4 31. Rd4 e5 32. fxe5 Qxe5 33. Bd2 Ne6 34. Rb4 d4 35. Qe2 Nc5 36. Rb5 Kh8 37. Bb4 d3 38. Qf2 Rf8 39. Rxc5 Rxf2 40. Rxe5 Rxg2+ 41. Kf1 Bb7 42. Rf5 Rxb2 43. Bc3 Rxh2 44. Bf3 Bxf3 45. Rxf3 Rh1+ 46. Kf2 Rxa1 47. Bxa1 h5 48. Rf4 Kh7 49. Ke3 g5 50. Rd4 Kg6 51. Kxd3 g4 52. Bc3 Kf5 53. Bd2 g3 54. Ke3 Rh8 55. Rf4+ Ke6 56. Kf3 h4 57. Bc3 Rh7 58. Re4+ Kd5 59. Re1 Kc4 60. Bd2 Rf7+ 61. Bf4 Kb4 62. Re4+ Ka5 63. Kg2 Rd7 64. Kh3 Rd3 65. Bc7+ Ka6 66. Rxh4 Rc3 67. Bxg3 Ka5 68. Kg2 Rc2+ 69. Kf1 1-0